Map: Orbital Shipyard

Players

HeroMarine - Winner!

  • Race: Terran Terran

Crimson

  • Race: Zerg Zerg

Event: NationWars III

VOD

Have the link to the VOD?

Description

Time

  • Played on: Dec. 13, 2015, 11:35 a.m.
  • Length: 9:36
Show
View Real Time Build Order
Export as new Build Order

HeroMarine Terran - Winner!

Build Orders: Liberator Opening, Reaper Expand, Bio Tank, MMM Bio 

Get SALT Encoding   

  12  0:01  SCV  
  13  0:13  SCV  
  14  0:17  Supply Depot  
  14  0:25  SCV  
  15  0:39  SCV  
  15  0:40  Barracks  
  16  0:44  Refinery  
  16  0:51  SCV  
  17  1:03  SCV  
  18  1:15  SCV  
  19  1:28  Reaper, Orbital Command  
  20  1:41  Command Center  
  20  1:50  Supply Depot  
  21  1:54  SCV  
  21  1:58  Refinery  
  21  1:59  Marine  
  22  2:06  SCV  
  23  2:14  Factory  
  23  2:18  SCV  
  23  2:22  Barracks Reactor  
  24  2:30  SCV  
  25  2:42  SCV  
  26  2:54  SCV, Orbital Command  
  26  2:58  Starport  
  27  3:04  Hellion x2  
  27  3:05  Marine  
  32  3:06  SCV  
  33  3:15  Supply Depot  
  33  3:19  SCV  
  34  3:21  SCV  
  34  3:23  Marine  
  34  3:26  Hellion x2  
  40  3:31  SCV  
  40  3:33  SCV  
  42  3:34  Medivac  
  42  3:38  Armory  
  44  3:41  Marine  
  44  3:45  Supply Depot, SCV x2  
  47  3:49  Liberator  
  47  3:52  Hellion  
  47  3:55  Hellion  
  51  3:57  SCV  
  51  3:58  SCV  
  51  4:00  Barracks Tech Lab  
  57  4:10  SCV x2  
  57  4:15  Supply Depot, Hellion  
  60  4:19  Hellion  
  62  4:26  Supply Depot  
  62  4:36  SCV x2, Marine  
  65  4:45  Liberator  
  65  4:48  SCV x2  
  65  4:51  Command Center  
  64  5:00  SCV x2  
  67  5:11  Siege Tank, Marine x2  
  67  5:12  SCV x2  
  64  5:24  Barracks  
  64  5:25  SCV x2  
  64  5:26  Barracks  
  66  5:29  Marine x2  
  66  5:30  Liberator  
  66  5:31  Refinery  
  66  5:33  Refinery  
  68  5:37  SCV  
  69  5:43  Engineering Bay  
  69  5:45  Engineering Bay  
  69  5:46  Marine  
  69  5:47  Marine  
  69  5:49  SCV  
  76  5:50  SCV  
  74  6:02  SCV  
  75  6:04  Marine x2  
  75  6:06  Barracks  
  75  6:07  Barracks  
  75  6:08  Orbital Command  
  77  6:13  SCV  
  77  6:14  SCV  
  77  6:15  Siege Tank  
  77  6:17  Barracks Tech Lab x2  
  82  6:22  Marine x2  
  82  6:25  SCV  
  85  6:26  SCV, Supply Depot  
  85  6:27  Supply Depot  
  85  6:28  Orbital Command  
  84  6:36  Combat Shields  
  84  6:37  SCV, Stimpack, Starport Reactor  
  84  6:39  Marauder x2  
  87  6:40  Marine x2  
  86  6:51  SCV x2  
  86  6:53  Siege Tank  
  91  6:58  Marine x3  
  91  6:59  Marine  
  91  7:00  SCV  
  96  7:01  Marine x2  
  96  7:03  SCV  
  96  7:04  SCV  
  96  7:05  Refinery  
  100  7:09  Supply Depot  
  100  7:10  Supply Depot  
  100  7:11  Terran Infantry Weapons Level 1  
  100  7:12  Terran Infantry Armor Level 1, SCV  
  101  7:15  Refinery  
  101  7:16  Marine  
  101  7:19  Supply Depot x2, SCV x2  
  101  7:20  Barracks Reactor  
  101  7:21  Barracks Tech Lab  
  101  7:22  Marine  
  105  7:24  SCV  
  105  7:28  Marauder  
  108  7:31  SCV  
  108  7:32  SCV  
  108  7:34  Supply Depot  
  111  7:37  Siege Tank  
  111  7:40  Marine, Marauder x2  
  111  7:41  Marine  
  111  7:43  SCV  
  121  7:50  Marauder  
  122  7:54  Barracks  
  122  7:55  Barracks  
  122  7:58  Marine  
  122  7:59  Marine x3  
  122  8:00  Medivac x2  
  122  8:01  Marauder  
  122  8:03  Supply Depot x2  
  122  8:05  Marine  
  132  8:11  Siege Tank, Marine  
  137  8:16  Barracks, Marine x2  
  137  8:17  Marine  
  137  8:19  Marine  
  141  8:22  Marine  
  141  8:24  Marauder  
  144  8:29  Marauder  
  144  8:34  Marine x2  
  146  8:35  Medivac x2  
  146  8:36  Command Center  
  152  8:49  Marine  
  152  8:50  Marauder x2, Marine  
  152  8:51  Barracks Reactor, Barracks Tech Lab, Marine  
  152  8:53  Supply Depot  
  156  9:03  Siege Tank, Marine x2  
  156  9:07  Barracks Reactor  
  165  9:15  Supply Depot, Marine x2  
  165  9:16  Supply Depot  
Show
View Real Time Build Order
Export as new Build Order

Crimson Zerg 

Build Orders: Hatch First 

Get SALT Encoding   

  12  0:02  Drone  
  13  0:13  Overlord  
  13  0:17  Drone  
  14  0:31  Drone x2  
  16  0:36  Drone  
  17  0:52  Hatchery  
  17  0:55  Drone  
  17  0:58  Drone  
  18  1:05  Extractor  
  17  1:14  Spawning Pool  
  17  1:17  Drone  
  17  1:20  Drone  
  18  1:29  Drone  
  19  1:39  Overlord  
  19  1:51  Drone  
  20  2:01  Queen  
  22  2:02  Zergling x2  
  22  2:04  Queen  
  22  2:05  Zergling x2  
  26  2:08  Metabolic Boost  
  26  2:14  Drone  
  27  2:16  Drone  
  28  2:23  Drone  
  28  2:27  Overlord  
  29  2:33  Drone  
  29  2:36  Queen  
  32  2:39  Drone  
  32  2:44  Overlord  
  32  2:48  Drone  
  33  2:55  Drone  
  34  2:58  Drone  
  35  3:08  Overlord  
  35  3:09  Drone  
  35  3:12  Drone x4  
  40  3:13  Drone x2  
  42  3:26  Drone  
  43  3:35  Hatchery, Drone x3  
  43  3:36  Roach Warren  
  43  3:40  Drone  
  45  3:46  Drone x5  
  45  3:47  Drone  
  51  3:50  Extractor  
  51  3:51  Extractor  
  49  4:00  Zergling x2  
  49  4:01  Zergling x2  
  51  4:04  Overlord x2  
  51  4:05  Lair  
  51  4:10  Evolution Chamber  
  51  4:13  Evolution Chamber  
  51  4:14  Overlord  
  51  4:17  Roach  
  51  4:19  Overlord  
  51  4:22  Overlord  
  52  4:24  Drone  
  52  4:25  Drone  
  52  4:27  Roach  
  52  4:30  Roach  
  57  4:35  Roach  
  59  4:43  Roach x2  
  58  4:48  Roach x2  
  58  4:51  Roach  
  60  4:54  Roach  
  60  4:55  Roach x2  
  60  4:59  Roach x2  
  70  5:00  Roach  
  70  5:05  Roach x2  
  65  5:15  Roach x3  
  64  5:26  Drone x3  
  65  5:38  Drone  
  65  5:39  Drone x3  
  69  5:47  Ravager  
  69  5:48  Ravager  
  69  6:08  Drone x4  
  69  6:09  Drone  
  73  6:19  Glial Reconstitution  
  72  6:26  Drone x3  
  72  6:30  Ravager  
  72  6:31  Ravager  
  64  6:47  Roach x2  
  68  6:59  Queen  
  70  7:06  Queen x2  
  70  7:07  Drone x2  
  70  7:08  Drone x2  
  78  7:10  Drone  
  78  7:11  Drone x3  
  78  7:13  Extractor  
  81  7:16  Roach  
  81  7:20  Roach  
  81  7:21  Roach  
  87  7:29  Zerg Missile Weapons Level 1  
  87  7:32  Drone x3  
  90  7:39  Overlord  
  90  7:43  Overlord x2  
  90  7:48  Overlord  
  90  7:56  Overlord  
  90  8:09  Drone x8  
  98  8:13  Extractor  
  98  8:14  Roach  
  98  8:16  Roach  
  98  8:19  Roach x3  
  107  8:22  Roach x3  
  107  8:24  Ravager x2  
  107  8:25  Ravager  
  107  8:26  Roach  
  118  8:29  Roach  
  118  8:32  Roach  
  122  8:36  Overlord  
  122  8:37  Overlord  
  122  8:49  Hatchery  
  122  8:52  Ravager x2  
  114  9:11  Roach  
  114  9:12  Roach x10  
  114  9:16  Roach  
Tags
 
Add a new tag
Caveats
  • Supply blocks, unpowered buildings, or Contaminate may cause inaccurate times.
  • Supply counts are checked every 10 seconds.